 Dungeon Crawl Stone Soup version 0.29-a0-323-g050149af67 (webtiles) character file.

Game seed: 18127261317375193051

36 zishaf the Skirmisher (level 3, -3/20 HPs)
             Began as a Vine Stalker Abyssal Knight on Apr 11, 2022.
             Was a Priest of Lugonu.
             Slain by a gnoll
             ... wielding a +0 spear
              (4 damage)
             ... on level 2 of the Dungeon.
             The game lasted 00:01:33 (1472 turns).

zishaf the Skirmisher (Vine Stalker Abyssal Knight) Turns: 1472, Time: 00:01:34

Health: -3/20      AC:  4    Str: 17    XL:     3   Next: 37%
Magic:  0/14       EV: 11    Int: 10    God:    Lugonu [***...]
Gold:   82         SH:  0    Dex: 14    Spells: 2/2 levels left

rFire   . . .      SeeInvis .   a - +1 hand axe
rCold   . . .      Faith    .   (no shield)
rNeg    . . .      Spirit   +   b - +0 leather armour
rPois   .          Reflect  .   (no helmet)
rElec   .          Harm     .   (no cloak)
rCorr   .          Rampage  .   j - +0 pair of gloves
Will    .....                   (no boots)
Stlth   +.........              (no amulet)
HPRegen 0.06/turn               g - ring of magical power
MPRegen 0.14/turn               (no ring)

@: no status effects
A: fangs 2, magic shield, antimagic bite, no potion heal 2
a: Renounce Religion, Depart the Abyss, Bend Space, Banish


You were on level 2 of the Dungeon.
You worshipped Lugonu.
Lugonu was most pleased with you.
You visited 1 branch of the dungeon, and saw 2 of its levels.
You visited the Abyss 1 time.

You collected 82 gold pieces.

Inventory:

Hand Weapons
 a - a +1 hand axe (weapon)
Armour
 b - a +0 leather armour (worn)
 j - a +0 pair of gloves (worn)
Jewellery
 g - a ring of magical power (left hand)
Scrolls
 d - a scroll of silence {unknown}
 f - a scroll of vulnerability {unknown}
 i - a scroll of teleportation {unknown}
 k - a scroll of identify {unknown}
 l - a scroll of immolation {unknown}
 n - a scroll of torment {unknown}
Potions
 c - a potion of berserk rage {unknown}
 e - a potion of lignification {unknown}
 h - a potion of flight {unknown}
 m - a potion of cancellation {unknown}
 o - a potion of degeneration {unknown}


   Skills:
 + Level 3.0 Fighting
 + Level 2.2 Axes
 + Level 2.0 Armour
 - Level 1.0 Dodging
 + Level 2.2 Invocations


You had 2 spell levels left.
You didn't know any spells.
Your spell library was empty.

Dungeon Overview and Level Annotations

Branches:
Dungeon (2/15)

Altars:


Innate Abilities, Weirdness & Mutations

You have extremely sharp teeth.
When hurt, damage is shared between your health and your magic reserves.
Your bite disrupts and absorbs the magic of your enemies.
Potions cannot restore your health.


Message History

A kobold comes into view. It is wielding a +0 dagger.
The gnoll hits you with a +0 whip.
The kobold shouts!
You hit the gnoll. You bite the gnoll, but do no damage.
The gnoll is moderately wounded.
The gnoll hits you with a +0 whip.
A gnoll comes into view. It is wielding a +0 whip.
You closely miss the gnoll.
The gnoll hits you from afar with a +0 spear.
The gnoll completely misses you.
You closely miss the gnoll.
The gnoll shouts!
You bite the gnoll, but do no damage.
The gnoll is moderately wounded.
You hit the gnoll. The gnoll hits you with a +0 whip. The gnoll misses you.
The gnoll hits you with a +0 club.
You are too injured to fight recklessly!
You are too injured to fight recklessly!
You hit the gnoll but do no damage. You bite the gnoll, but do no damage.
The gnoll is lightly wounded.
You hit the gnoll. The gnoll closely misses you.
The gnoll hits you but does no damage. The gnoll hits you with a +0 club.
* * * LOW HITPOINT WARNING * * *
You hit the gnoll. You bite the gnoll, but do no damage.
The gnoll is heavily wounded.
You hit the gnoll. The gnoll barely misses you.
The gnoll hits you from afar with a +0 spear.
* * * LOW HITPOINT WARNING * * *
The gnoll barely misses you.
Okay, then.
You hit the gnoll.
The gnoll is severely wounded.
You completely miss the kobold. You hit the gnoll.
The kobold barely misses you. The gnoll hits you with a +0 whip.
The gnoll hits you from afar with a +0 spear.
The gnoll closely misses you. The kobold closely misses you.
The gnoll hits you with a +0 whip.
* * * LOW HITPOINT WARNING * * *
The gnoll hits you from afar with a +0 spear.
You die...

.#.### .. . ..... .. .... ..
....##... #.#... .. .........
#.#... #.###.#.#.#.# ###.#...
..gg....... ........
#.#...#.######ggK...... .......
#.#...#.#...# #@......#### #....
#.#..##.#...###...........##....
#.#..##.#....##..............<..
#............##.#.#.............
#.#.............................
##...............................
...............#.#.#..##...##....
##.#...........#.#.#.......##.#..
#.#.....###...#.#.#.......##.#..


You could see 4 gnolls and a kobold.

Vanquished Creatures
  3 bats (D:1)
  3 endoplasms (D:1)
  A giant cockroach (D:1)
  3 goblins (D:1)
  A hobgoblin (D:1)
  4 jackals (D:1)
  4 quokkas
  3 ball pythons
  3 frilled lizards
  4 kobolds (D:1)
  2 rats (D:1)
31 creatures vanquished.

Notes
Turn   | Place    | Note
-------+----------+-------------------------------------------
     0 | Abyss:1  | zishaf the Vine Stalker Abyssal Knight began the quest for
                  | the Orb.
     0 | Abyss:1  | Reached XP level 1. HP: 11/11 MP: 3/3
     8 | D:1      | Escaped the Abyss
    83 | D:1      | Reached skill level 1 in Dodging
    83 | D:1      | Reached XP level 2. HP: 3/16 MP: 4/4
   486 | D:1      | Found a faded altar of an unknown god.
   758 | D:1      | Reached XP level 3. HP: 17/19 MP: 5/5
   929 | D:1      | Reached skill level 3 in Fighting
  1374 | D:2      | Reached *** piety under Lugonu
  1472 | D:2      | HP: 1/20 [gnoll/+0 whip (2)]
  1472 | D:2      | Slain by a gnoll

Illustrated notes

Levels and vault maps discovered:
D:1:      dpeg_arrival_line_fractal, layout_basic,
          chequers_ecumenical_altar_simple_redux
D:2:      kennysheep_six_static_rooms, layout_basic

Skill      XL: |  1  2  3 |
---------------+----------+-----
Dodging        | 1 |  1.0
Invocations    | 2 |  2.2
Axes           | 2 |  2.2
Fighting       | 3 |  3.0
Armour         | 2 |  2.0

Action                   || total
-------------------------++-------
Melee: Hand axe          ||   102
       Bite              ||    31
 Stab: Sleeping          ||     1
Armor: Leather armour    ||    28
Dodge: Dodged            ||    78

Table legend: (Time is in decaauts)
 A = Elapsed time spent in this place.
 B = Non-inter-level travel time spent in this place.
 C = Inter-level travel time spent in this place.
 D = Time resting spent in this place.
 E = Time spent auto-exploring this place.
 F = Levels seen in this place.
 G = Mean time per level.
                   A        B        C        D        E       F      G
               +--------+--------+--------+--------+--------+-----+--------+
         Total |   1491 |   1468 |     23 |      0 |   1211 |   3 |  497.0 |
       Dungeon |   1483 |   1460 |     23 |      0 |   1211 |   2 |  741.5 |
         Abyss |      8 |      8 |      0 |      0 |      0 |   1 |    8.0 |
               +--------+--------+--------+--------+--------+-----+--------+

Top non-repeatable levels by time:
     D:1: 1328 daAuts
     D:2: 154 daAuts
 Abyss:1: 8 daAuts
